 Dungeon Crawl Stone Soup version 0.30-a0-591-g3c58d2bc28 (webtiles) character file.

Game seed: 14739353566129985572

171 cforsyth the Digger (level 5, -1/28 HPs)
             Began as a Gargoyle Earth Elementalist on Jan 5, 2023.
             Slain by an ogre
             ... wielding a +0 giant club
              (29 damage)
             ... on level 4 of the Dungeon.
             The game lasted 00:04:42 (2918 turns).

cforsyth the Digger (Gargoyle Earth Elementalist)   Turns: 2918, Time: 00:04:43

Health: -1/28      AC:  8    Str: 12    XL:     5   Next: 51%
Magic:  8/10       EV: 11    Int: 17    God:
Gold:   144        SH:  0    Dex: 14    Spells: 10/11 levels left

rFire   + . .      SeeInvis .    r - +11 whip "Foytuohy" {flame, rElec rF+ Dex+4}
rCold   . . .      Faith    .    (no shield)
rNeg    + . .      Spirit   .    t - +0 leather armour
rPois   ∞          Reflect  .    (no helmet)
rElec   +          Harm     .    s - +0 cloak {Stlth+}
rCorr   .          Rampage  .    (no gloves)
Will    .....                    (no boots)
Stlth   +++                      (no amulet)
HPRegen 0.24/turn                (no ring)
MPRegen 0.12/turn                (no ring)

@: no status effects
A: sickness immunity, AC +4, negative energy resistance 1, electricity
resistance, torment resistance 1, petrification resistance
a: no special abilities


You were on level 4 of the Dungeon.
You visited 1 branch of the dungeon, and saw 4 of its levels.

You collected 144 gold pieces.

Inventory:

Hand Weapons
 r - the +11 whip "Foytuohy" (weapon) {flame, rElec rF+ Dex+4}
   (You found it on level 2 of the Dungeon)

   Dex:       It affects your dexterity (+4).
   rF:        It protects you from fire.
   rElec:     It insulates you from electricity.
Armour
 a - a +0 robe
 m - a +0 cloak
 s - a +0 cloak of stealth (worn)
 t - a +0 leather armour (worn)
Jewellery
 k - a +6 ring of dexterity
Scrolls
 d - 3 scrolls of magic mapping {unknown}
 h - a scroll of teleportation {unknown}
 i - 3 scrolls of identify {unknown}
 j - 2 scrolls of poison {unknown}
 n - a scroll of noise {unknown}
 o - a scroll of vulnerability {unknown}
 q - a scroll of fear {unknown}
Potions
 b - a potion of magic
 c - 2 potions of curing {unknown}
 e - a potion of haste {unknown}
 f - 2 potions of degeneration {unknown}
 g - 4 potions of brilliance {unknown}
 l - a potion of lignification {unknown}
 p - a potion of attraction {unknown}


   Skills:
 - Level 1.5 Dodging
 - Level 2.1 Stealth
 + Level 3.8 Spellcasting
 - Level 0.7 Transmutations
 + Level 5.7 Earth Magic


You had 10 spell levels left.
You knew the following spells:

 Your Spells              Type           Power      Damage    Failure   Level
a - Sandblast             Erth           44%        2d11      1%          1

Your spell library contained the following spells:

 Spells                   Type           Power      Damage    Failure   Level
 Passwall                 Tmut/Erth      11%        N/A       9%          2
 Stone Arrow              Conj/Erth      26%        3d8       19%         3
 Petrify                  Tmut/Erth      14%        N/A       47%         4


Dungeon Overview and Level Annotations

Branches:
Dungeon (4/15)
 Temple: D:4-7

Altars:


Innate Abilities, Weirdness & Mutations

You are immune to sickness and miasma.
Your stone body is resilient. (AC +4)
You are immune to poison.
You resist negative energy. (rN+)
You are resistant to electric shocks. (rElec)
You are resistant to unholy torment.
You are immune to petrification.


Message History

Natasha, Servant of Life and Death comes into view.
Natasha is nearby!
Natasha is nearby!
Natasha is nearby!
You can't see any susceptible monsters within range! (Use Z to cast anyway.)
You can't see any susceptible monsters within range! (Use Z to cast anyway.)
You can't see any susceptible monsters within range! (Use Z to cast anyway.)
You can't see any susceptible monsters within range! (Use Z to cast anyway.) Natasha hisses angrily.
Natasha stares at you and mumbles some strange words.
You feel yourself slow down.
The blast of sand hits Natasha.
Natasha is moderately wounded.
Natasha stares at you and mumbles some strange words.
You feel as though you will be slow longer.
The blast of sand hits Natasha!
Natasha is almost dead.
Natasha wildly gestures.
You feel troubled. Natasha claws you but does no damage.
The blast of sand hits Natasha!
You kill Natasha!
Natasha screams in pain as she dies!
Magic restored.
Found a stone staircase leading up.
You feel yourself speed up.
An ogre comes into view. It is wielding a +0 giant club.
An ogre is nearby!
Unknown command.
Found a stone staircase leading up.
You can't see any susceptible monsters within range! (Use Z to cast anyway.)
You can't see any susceptible monsters within range! (Use Z to cast anyway.)
The ogre shouts!
The blast of sand hits the ogre!
The ogre is heavily wounded.
The blast of sand hits the ogre!
The ogre is almost dead.
The ogre hits you with a +0 giant club!!
Ouch! That really hurt!
You die...

#..# #. #..# ##.#
#.####..# ##...#
#.<.....#
##.....#########.#####.#
.......................#
#....<.########.#######
#...O.########.#
#.@.........#
#.########### ... ####


You could see an ogre.

Vanquished Creatures
  2 hounds (D:3)
  Natasha (D:4)
  A gnoll (D:1)
  3 adders (D:2)
  A worm (D:3)
  A dart slug (D:3)
  An orc (D:3)
  3 endoplasms
  3 giant cockroaches
  6 goblins
  5 hobgoblins
  3 jackals (D:3)
  2 kobolds
  A quokka (D:2)
  A ball python (D:2)
  3 bats
  3 frilled lizards (D:3)
  7 rats
47 creatures vanquished.

Notes
Turn   | Place    | Note
-------+----------+-------------------------------------------
     0 | D:1      | cforsyth the Gargoyle Earth Elementalist began the quest
                  | for the Orb.
     0 | D:1      | Reached XP level 1. HP: 10/10 MP: 3/3
   381 | D:1      | Reached skill level 4 in Earth Magic
   381 | D:1      | Reached XP level 2. HP: 15/15 MP: 3/5
   722 | D:1      | Reached XP level 3. HP: 19/19 MP: 4/6
  1248 | D:2      | You fall into a shaft and drop 1 floor!
  1391 | D:3      | Reached XP level 4. HP: 24/24 MP: 5/8
  1486 | D:3      | Found a faded altar of an unknown god.
  1510 | D:3      | Reached skill level 5 in Earth Magic
  1943 | D:2      | Reached XP level 5. HP: 28/28 MP: 8/10
  2156 | D:2      | Identified the +11 whip "Foytuohy" {flame, rElec rF+ Dex+4}
  2871 | D:4      | Noticed Natasha
  2875 | D:4      | Killed Natasha
  2907 | D:4      | Noticed an ogre
  2918 | D:4      | Slain by an ogre

Illustrated notes

Levels and vault maps discovered:
D:1:      saegor_arrival_simple_a, layout_loops_ring
D:2:      layout_basic, minmay_domino_4
D:3:      layout_loops_cross, hellmonk_ecumenical_altar_crossroads
D:4:      layout_loops_ring, lemuel_mausoleum_altar_kikubaaqudgha,
          mainiacjoe_overflow_boulevard, serial_shops, shop, uniq_natasha

Skill      XL: |  1  2  3  4 |
---------------+-------------+-----
Earth Magic    | 4 5 |  5.7
Spellcasting   | 3 |  3.8
Dodging        | |  1.5
Stealth        | |  2.1
Transmutations | |  0.7

Action                   |  1- 3 |  4- 6 || total
-------------------------+-------+-------++-------
Melee: Unarmed           |     8 |       ||     8
 Cast: Sandblast         |    46 |    26 ||    72
Armor: Robe              |     6 |     4 ||    10
       Leather armour    |       |     1 ||     1
Dodge: Dodged            |     9 |     2 ||    11

Table legend: (Time is in decaauts)
 A = Elapsed time spent in this place.
 B = Non-inter-level travel time spent in this place.
 C = Inter-level travel time spent in this place.
 D = Time resting spent in this place.
 E = Time spent auto-exploring this place.
 F = Levels seen in this place.
 G = Mean time per level.
                   A        B        C        D        E       F      G
               +--------+--------+--------+--------+--------+-----+--------+
         Total |   2970 |   2714 |    256 |     36 |   2367 |   4 |  742.5 |
       Dungeon |   2970 |   2714 |    256 |     36 |   2367 |   4 |  742.5 |
               +--------+--------+--------+--------+--------+-----+--------+

Top non-repeatable levels by time:
     D:2: 1039 daAuts
     D:1: 1006 daAuts
     D:3: 849 daAuts
     D:4: 74 daAuts
